 Dungeon Crawl Stone Soup version 0.28-b1-25-g9875b3fc8c (webtiles) character file.

Game seed: 2020631896224550479

22 cayde69 the Skirmisher (level 2, 28/28 HPs)
             Began as a Minotaur Fighter on Feb 2, 2022.
             Was a High Priest of Ignis.
             Quit the game on level 1 of the Dungeon.
             The game lasted 00:01:20 (828 turns).

cayde69 the Skirmisher (Minotaur Fighter)            Turns: 828, Time: 00:01:21

Health: 28/28      AC:  6    Str: 20    XL:     2   Next: 68%
Magic:  1/1        EV:  9    Int:  5    God:    Ignis [*****.]
Gold:   54         SH:  4    Dex:  9    Spells: 1/1 levels left

rFire   + . .      SeeInvis .   a - +0 long sword
rCold   . . .      Faith    .   c - +0 buckler
rNeg    . . .      Spirit   .   b - +0 scale mail
rPois   .          Reflect  .   (helmet restricted)
rElec   .          Harm     .   (no cloak)
rCorr   .          Rampage  .   (no gloves)
Will    .....                   (no boots)
Stlth   ..........              (no amulet)
HPRegen 0.09/turn               (no ring)
MPRegen 0.07/turn               (no ring)

@: no status effects
A: horns 2, retaliatory headbutt
a: Renounce Religion, Fiery Armour, Foxfire Swarm, Rising Flame


You were on level 1 of the Dungeon.
You worshipped Ignis.
Ignis was extremely pleased with you.
You visited 1 branch of the dungeon, and saw 2 of its levels.

You collected 54 gold pieces.

Inventory:

Hand Weapons
 a - a +0 long sword (weapon)
Armour
 b - a +0 scale mail (worn)
 c - a +0 buckler (worn)
Scrolls
 e - a scroll of noise {unknown}
Potions
 d - a potion of might
 f - 2 potions of cancellation {unknown}
 g - a potion of heal wounds {unknown}
 h - a potion of curing {unknown}


   Skills:
 + Level 4.9 Fighting
 - Level 2.4 Long Blades
 - Level 3.6 Armour
 - Level 3.6 Shields


You had one spell level left.
You didn't know any spells.
Your spell library was empty.

Dungeon Overview and Level Annotations

Branches:
Dungeon (2/15)

Altars:
Ignis

Shops:
D:2 *


Innate Abilities, Weirdness & Mutations

You have a pair of horns on your head.
You reflexively headbutt those who attack you in melee.


Message History

You miss the quokka.
The quokka is heavily wounded.
The quokka bites you but does no damage.
You block the quokka's attack.
You barely miss the quokka. Your headbutt misses the quokka.
The quokka is heavily wounded.
The quokka bites you. The quokka barely misses you.
Your unstable footing causes you to fumble your attack.
The quokka bites you but does no damage.
You miss the quokka.
The quokka is moderately wounded.
The quokka barely misses you. The quokka bites you.
You closely miss the quokka.
The quokka is moderately wounded.
The quokka bites you. The quokka misses you.
You barely miss the quokka. Your headbutt misses the quokka.
The quokka is moderately wounded.
The quokka bites you.
You closely miss the quokka. Your headbutt misses the quokka.
The quokka is moderately wounded.
The quokka bites you. You block the quokka's attack.
You barely miss the quokka. You headbutt the quokka.
The quokka is heavily wounded.
The quokka bites you.
You closely miss the quokka.
The quokka is heavily wounded.
The quokka closely misses you. You block the quokka's attack.
Your unstable footing causes you to fumble your attack.
The quokka barely misses you. The quokka bites you.
You barely miss the quokka. You headbutt the quokka.
You kill the quokka!
There is a faded altar of an unknown god here.
You start resting.
HP restored.
You cannot tell which god this altar belongs to.
Convert to them anyway?
Ignis accepts your prayer! Ignis welcomes you!
Unknown command.
Press < or > to pray at altars.
Are you sure you want to abandon this character and quit the game? (Confirm with "yes".)

#.# ####### #.#. #####.....#
#.#. #.....###.#
#.#.############.....#...#
#####.#.#.........##.....#.#.'
#.....#.#....≈....######.#.#.#
#.#####.#.≈..≈..≈.#### #.#.#.#
#.# #.#.≈..≈..≈÷#..# #.#.#.#
#.# #.'####@####'..# #.#.#.#
#.# #.#†≈..≈..≈.#..# #.#.#.#
#.# #.#.≈..≈..≈.#..###.#.#.#
#.# #.#....≈....#..'...#.#.
##.#####.#....)....#..#####.#
#........###########).#
########.....### ####
##......# ######.#


There were no monsters in sight!

Vanquished Creatures
  A dart slug (D:1)
  2 endoplasms (D:1)
  2 goblins (D:2)
  5 hobgoblins
  2 quokkas (D:1)
  2 ball pythons (D:1)
  2 bats (D:2)
  A frilled lizard (D:1)
  A rat (D:1)
18 creatures vanquished.

Notes
Turn   | Place    | Note
-------+----------+-------------------------------------------
     0 | D:1      | cayde69 the Minotaur Fighter began the quest for the Orb.
     0 | D:1      | Reached XP level 1. HP: 19/19 MP: 0/0
    10 | D:1      | You fall into a shaft and drop 1 floor!
    10 | D:2      | Found Womifeg's General Store.
    35 | D:2      | Reached skill level 4 in Fighting
    56 | D:2      | Reached XP level 2. HP: 28/28 MP: 1/1
   628 | D:1      | Found a faded altar of an unknown god.
   827 | D:1      | Prayed at the altar of an unknown god.
   827 | D:1      | Became a worshipper of Ignis, the Dying Flame
   828 | D:1      | Quit the game

Illustrated notes

Levels and vault maps discovered:
D:1:      dpeg_arrival_rhombi, layout_basic,
          shapermc_ecumenical_altar_notcrosses
D:2:      layout_basic, serial_shops, shop_fountains, uniq_natasha

Skill      XL: |  1 |
---------------+----+-----
Fighting       | 4 |  4.9
Long Blades    | |  2.4
Armour         | |  3.6
Shields        | |  3.6

Action                   || total
-------------------------++-------
Melee: Long sword        ||    38
       Headbutt          ||     3
Armor: Scale mail        ||    16
Dodge: Dodged            ||    23
Block: Buckler           ||     9
